 Dungeon Crawl Stone Soup version 0.18-a0-670-g393520a (webtiles) character file.

2231 Proton the Chopper (level 9, -2/69 HPs)
             Began as a Formicid Fighter on Dec 6, 2015.
             Was an Initiate of Ru.
             Slain by an orc warrior
             ... wielding a +0 glaive
              (22 damage)
             ... on level 7 of the Dungeon.
             The game lasted 00:12:06 (6835 turns).

Proton the Chopper (Formicid Fighter)               Turns: 6835, Time: 00:12:06

Health: -2/69      AC:  7    Str: 24      XL:     9   Next: 62%
Magic:  9/9        EV:  7    Int:  8      God:    Ru [......]
Gold:   264        SH: 11    Dex:  9 (10) Spells: 0 memorised, 8 levels left

rFire  + . .     SeeInvis +     t - +3 hand axe (flame)
rCold  . . .     Clarity  .     q - -2 plate armour (curse)
rNeg   . . .     SustAt   .     c - +0 shield
rPois  .         Gourm    .     (helmet unavailable)
rElec  .         Spirit   .     (no cloak)
rCorr  .         Dismiss  .     (no gloves)
rMut   .         Stasis   +     A - +0 pair of boots
MR     .....                    D - amulet of faith
Stlth  ..........               (no ring)
                                E - ring of loudness (curse)

@: not resistant to hostile enchantments, extremely unstealthy
A: permanent stasis, dig shafts and tunnels, four strong arms, antennae 3,
hooves 1, deformed body, fire resistance 1, subdued magic 1
a: Dig, Shaft Self, Renounce Religion


You were on level 7 of the Dungeon.
You worshipped Ru.
Ru was noncommittal.
You were not hungry.

You visited 2 branches of the dungeon, and saw 8 of its levels.

You collected 264 gold pieces.

Inventory:

Hand Weapons
 t - a +3 hand axe of flaming (weapon)
 C - a +0 battleaxe
Armour
 c - a +0 shield (worn)
 q - a cursed -2 plate armour (worn)
 A - a +0 pair of boots (worn)
Jewellery
 D - an amulet of faith (around neck)
 E - a cursed ring of loudness (left hand)
Wands
 p - a wand of draining (7)
 G - a wand of teleportation (6)
Scrolls
 a - a scroll of identify
 b - a scroll of silence {unknown}
 f - 3 scrolls of recharging
 s - 3 scrolls of remove curse
 y - 2 scrolls of enchant weapon
Potions
 d - a potion of might
 e - a potion of haste {unknown}
 g - 2 potions of agility {unknown}
 h - 2 potions of brilliance
 i - a potion of lignification {unknown}
 j - 5 potions of curing
 k - a potion of mutation {unknown}
 l - a potion of cancellation {unknown}
 m - 2 potions of poison {unknown}
 n - a potion of resistance
 u - a potion of invisibility
 v - a potion of flight
 w - a potion of magic
 x - 2 potions of ambrosia
 F - a potion of heal wounds
Comestibles
 o - 3 bread rations
 z - a meat ration


   Skills:
 + Level 6.0 Fighting
 * Level 7.5 Axes
 + Level 6.0 Armour
 + Level 4.3 Dodging
 + Level 7.1 Shields


You had 8 spell levels left.
You didn't know any spells.

Dungeon Overview and Level Annotations

Branches:
Dungeon (7/15)             Temple (1/1) D:4

Altars:
Cheibriados
Dithmenos
Elyvilon
Fedhas
Kikubaaqudgha
Makhleb
Okawaru
Pakellas
Qazlal
Ru
Vehumet
Xom
Zin
The Shining One

Shops:
D:6 (


Innate Abilities, Weirdness & Mutations

You are under a permanent stasis effect.
You can dig through walls and to a lower floor.
Your four strong arms can wield two-handed weapons with a shield.
You have a pair of large antennae on your head (SInv).
You have large cloven feet.
Armour fits poorly on your strangely shaped body.
Your flesh is heat resistant.
Your spells are a little easier to cast, but a little less powerful.


Message History

No target in view!
Items here: )) [ †† a short sword of freezing; a dagger; a robe; an orc corpse; an orc corpse You sense a monster nearby.
An orc warrior comes into view. It is wielding a glaive.
The orc warrior shouts!
You block the orc warrior's attack.
The orc warrior hits you with a glaive!!
You hit the orc warrior but do no damage.
The orc warrior barely misses you.
You hit the orc warrior. You burn the orc warrior.
The orc warrior is lightly wounded.
You slash the orc warrior! You burn the orc warrior.
The orc warrior is moderately wounded.
The orc warrior hits you with a glaive!!
* * * LOW HITPOINT WARNING * * *
You closely miss the orc warrior.
The orc warrior is moderately wounded.
The orc warrior hits you with a glaive!!
You die...

# ##############.#
.............#.####.
.........#..........
########.#.#.#.####
#.#.#.# #.#.#@#
#.#.#o# # #)#.#.#
#.#.#.#.# #.#.#.#.#
#...# #.# ###<# #.#
........# #.#
#.......#


You could see an orc warrior.

Vanquished Creatures
  3 phantoms
  Duvessa (D:6)
  2 ice beasts
  An orc warrior (D:6)
  A sky beast (D:5)
  4 ogres
  2 centaurs
  A gnoll sergeant (D:5)
  A giant frog (D:6)
  Dowan (D:6)
  2 scorpions
  2 crimson imps
  An iguana (D:4)
  An orc priest (D:3)
  5 orc wizards
  A quasit (D:7)
  2 hounds (D:5)
  4 worker ants
  A hound skeleton (D:5)
  12 gnolls
  5 adders
  An ooze (D:1)
  2 adder skeletons
  6 worms
  2 giant geckos
  10 orcs
  4 bats
  8 goblins
  3 hobgoblins
  5 giant cockroaches
  3 giant newts
  5 jackals (D:1)
  6 kobolds
  2 quokkas
  A quokka skeleton (D:6)
  A quokka zombie (D:6)
  10 rats
122 creatures vanquished.

Notes
Turn   | Place    | Note
--------------------------------------------------------------
     0 | D:1      | Proton the Formicid Fighter began the quest for the Orb.
     0 | D:1      | Reached XP level 1. HP: 18/18 MP: 1/1
   120 | D:1      | Reached XP level 2. HP: 24/24 MP: 2/2
   395 | D:1      | Reached XP level 3. HP: 26/29 MP: 3/3
   472 | D:1      | Reached skill level 1 in Dodging
   914 | D:2      | Reached XP level 4. HP: 30/35 MP: 4/4
  1024 | D:2      | Reached skill level 4 in Shields
  1593 | D:3      | Reached XP level 5. HP: 42/42 MP: 5/5
  2155 | D:3      | Noticed a phantom
  2413 | D:3      | Killed a phantom
  2413 | D:3      | Reached XP level 6. HP: 33/48 MP: 6/6
  3155 | D:4      | Found a staircase to the Ecumenical Temple.
  3164 | D:4      | Reached XP level 7. HP: 34/55 MP: 7/7
  3171 | Temple   | Entered the Ecumenical Temple
  3290 | Temple   | Became a worshipper of Ru the Awakened
  3358 | D:4      | Reached skill level 5 in Shields
  3406 | D:4      | HP: 2/55 [worker ant (5)]
  3875 | D:4      | Got a dazzling whip
  3876 | D:4      | Identified the cursed +2 whip of Dymnicw {venom, Dex+2} (You found it on level 4 of the Dungeon)
  4211 | D:4      | Reached skill level 5 in Axes
  4221 | D:4      | Found an ancient bone altar of Kikubaaqudgha.
  4221 | D:4      | Found a white marble altar of Elyvilon.
  4222 | D:4      | Found a snail-covered altar of Cheibriados.
  4258 | D:4      | Reached XP level 8. HP: 42/61 MP: 8/8
  4790 | D:5      | Entered Level 5 of the Dungeon
  4841 | D:5      | Reached skill level 5 in Fighting
  4841 | D:5      | Reached skill level 5 in Armour
  5344 | D:5      | Reached skill level 6 in Shields
  5426 | D:5      | Gained mutation: Armour fits poorly on your strangely shaped body. [mutagenic meat]
  5427 | D:5      | Gained mutation: Your spells are a little easier to cast, but a little less powerful. [mutagenic meat]
  5428 | D:5      | Gained mutation: You have large cloven feet. [mutagenic meat]
  5429 | D:5      | Gained mutation: Your flesh is heat resistant. [mutagenic meat]
  5458 | D:5      | Reached XP level 9. HP: 44/68 MP: 9/9
  5932 | D:6      | Noticed Duvessa
  5932 | D:6      | Noticed Dowan
  5942 | D:6      | Killed Duvessa
  5947 | D:6      | Killed Dowan
  5947 | D:6      | Reached skill level 7 in Axes
  6216 | D:6      | Found a snail-covered altar of Cheibriados.
  6265 | D:6      | Found a blossoming altar of Fedhas.
  6309 | D:6      | Found Tyth's Weapon Shop.
  6709 | D:6      | Found a radiant altar of Vehumet.
  6835 | D:7      | Slain by an orc warrior

Vault maps used:
D:1:      saegor_arrival_simple_b
D:2:      minmay_misc_feat_tower
D:3:      serial_undead, serial_undead_f, serial_undead_a, serial_undead_c,
          serial_undead_c
D:4:      gammafunk_temple_overflow_claw, minmay_temple_entry_purple_smoke,
          kennysheep_generic_room_10
D:5:      first_bread
D:6:      kennysheep_little_box, lemuel_crystal_altar, serial_shops,
          nicolae_shop_temple_entry_statues_fountains, cheibriados_altar_1,
          uniq_duvessa
D:7:      lemuel_mausoleum_altar_yredelemnul, lemuel_round_altar
Temple:   bh_familiar_temple

Action                   |  1- 3 |  4- 6 |  7- 9 || total
-------------------------+-------+-------+-------++-------
Melee: War axe           |   117 |   123 |    30 ||   270
       Hand axe          |       |    54 |   258 ||   312
       Whip              |       |       |     9 ||     9
Invok: Reject Sacrifices |       |       |     1 ||     1
 Abil: Dig               |       |       |     2 ||     2
  Use: Scroll            |       |       |    15 ||    15
       Potion            |       |       |     3 ||     3
  Eat: Bread ration      |       |     1 |     1 ||     2
       Pizza             |       |     1 |       ||     1
       Meat ration       |       |     1 |     1 ||     2
       Chunk             |       |       |     4 ||     4
